 Dungeon Crawl Stone Soup version 0.31-a0-198-g2ad674f65e (webtiles) character file.

Game seed: 13614899891533683741

553 qw the Skirmisher (level 7, -3/40 HPs)
             Began as a Deep Elf Hunter on June 25, 2023.
             Succumbed to a water moccasin's poison
             ... on level 5 of the Dungeon.
             The game lasted 00:01:56 (3837 turns).

qw the Skirmisher (Deep Elf Hunter)                 Turns: 3837, Time: 00:01:57

Health: -3/40      AC:  8    Str: 16    XL:     7   Next: 8%
Magic:  9/9        EV: 12    Int: 14    God:
Gold:   196        SH:  0    Dex: 18    Spells: 6/6 levels left

rFire   . . .        Y - +1 shortbow
rCold   . . .        (shield currently unavailable)
rNeg    . . .        d - +0 ring mail {rPois}
rPois   +            q - +2 hat
rElec   .            (no cloak)
rCorr   .            (no gloves)
SInv    .            m - +0 pair of boots
Will    .....        (no amulet)
Stlth   +            l - +6 ring of strength
HPRegen 0.26/turn    (no ring)
MPRegen 0.11/turn

%: no passive effects
@: lethally poisoned (-3 -> -18), about to teleport
A: no striking features
a: no special abilities


You were on level 5 of the Dungeon.
You visited 1 branch of the dungeon, and saw 5 of its levels.
You also visited: Sewer.

You collected 196 gold pieces.


   Skills:
 - Level 2.2 Fighting
 + Level 10.5 Ranged Weapons
 - Level 3.4 Dodging
 - Level 1.2 Stealth


You had 6 spell levels left.
You didn't know any spells.
Your spell library was empty.

Inventory:

Hand Weapons
 Y - a +1 shortbow (weapon)
Armour
 d - a +0 ring mail of poison resistance (worn)
 m - a +0 pair of boots (worn)
 q - a +2 hat (worn)
Jewellery
 b - an amulet of regeneration
 f - a ring of poison resistance
 l - a +6 ring of strength (left hand)
Scrolls
 a - 2 scrolls of identify
Potions
 e - 6 potions of curing
 g - a potion of resistance {unknown}
 i - a potion of haste
 j - a potion of might {unknown}
 o - a potion of degeneration {unknown}
 p - a potion of cancellation {unknown}

Dungeon Overview and Level Annotations

Branches:
Dungeon (5/15)              Sewer (visited)
 Temple: D:4-7

Altars:
Dithmenos
Elyvilon
Gozag

Shops:
D:4 =


Message History

You shoot an arrow.
The arrow barely misses the water moccasin.
You shoot an arrow. The arrow hits the water moccasin.
The water moccasin is heavily wounded.
You shoot an arrow. The arrow hits the water moccasin.
The water moccasin is heavily wounded.
The water moccasin bites you.
You are poisoned.
The water moccasin poisons you!
You shoot an arrow. The arrow hits the water moccasin.
The water moccasin is severely wounded.
You feel very sick. The water moccasin bites you.
You shoot an arrow. The arrow hits the water moccasin!
The water moccasin is almost dead.
You feel very sick. The water moccasin bites you.
The water moccasin bites you but does no damage.
You shoot an arrow.
The arrow closely misses the water moccasin.
You feel very sick. The water moccasin closely misses you.
You shoot an arrow. The arrow misses the water moccasin.
You feel sick. The water moccasin closely misses you.
The water moccasin bites you.
You shoot an arrow.
The arrow closely misses the water moccasin.
You feel sick. The water moccasin closely misses you.
You shoot an arrow. The arrow hits the water moccasin.
The water moccasin is almost dead.
You feel sick. The water moccasin bites you!
You are lethally poisoned!
The water moccasin poisons you!
You shoot an arrow. The arrow misses the water moccasin.
You feel very sick. The water moccasin barely misses you.
The water moccasin bites you.
3837 ||| READING scroll of teleportation.
As you read the scroll of teleportation, it crumbles to dust.
You feel strangely unstable.
You die...

#..###....... ##.
###........... .
#..#####.##.......... ..
#.........##.#.......
.#.#.?....#.....##......
...........###...#......
#...........##...#..#..
#..........###.....#.#
##...S@.............#..
#.............##.....(..
..7.....................
#.......................
...#:.....%.............
#............####.......
..7.7..........# .......
..........###..#......
#...#.#..## #..( ..


You could see a water moccasin.

Vanquished Creatures
  A phantom (D:4)
  A bullfrog (D:5)
  A hound (D:5)
  3 orc wizards (D:4)
  3 gnolls (D:4)
  6 adders
  9 river rats
  A dart slug (D:4)
  10 orcs
  14 ball pythons
  9 endoplasms
  6 giant cockroaches
  5 goblins
  5 hobgoblins
  9 jackals
  5 quokkas
  7 bats
  3 frilled lizards
  21 kobolds
  25 rats
  A spectral kobold (D:1)
145 creatures vanquished.

Notes
Turn   | Place    | Note
-------+----------+-------------------------------------------
     0 | D:1      | qw the Deep Elf Hunter began the quest for the Orb.
     0 | D:1      | Reached XP level 1. HP: 12/12 MP: 3/3
     0 | D:1      | 0 ||| qw: Version: 0.3-a-22-g0ed2b0b
     0 | D:1      | 0 ||| qw: Game counter: 5261
     0 | D:1      | 0 ||| qw: Melee chars always use a shield: true
     0 | D:1      | 0 ||| qw: God list: Okawaru
     0 | D:1      | 0 ||| qw: Allow faded altars: false
     0 | D:1      | 0 ||| qw: Do Orc after clearing Dungeon:15 true
     0 | D:1      | 0 ||| qw: Do second Lair branch before Depths: true
     0 | D:1      | 0 ||| qw: Lair rune preference: random
     0 | D:1      | 0 ||| qw: Goals: Normal
     0 | D:1      | 0 ||| PLANNING D:1-11
    71 | D:1      | Reached XP level 2. HP: 16/16 MP: 4/4
    79 | D:1      | Reached skill level 6 in Ranged Weapons
    87 | D:1      | Found a faded altar of an unknown god.
   204 | D:1      | 204 ||| READING scroll labelled ESTROF RUNA.
   205 | D:1      | 205 ||| DRINKING 2 bubbling red potions.
   206 | D:1      | 206 ||| DROPPING scroll of butterflies.
   242 | D:1      | 242 ||| FLEEEEING.
   306 | D:1      | Reached XP level 3. HP: 20/20 MP: 5/5
   467 | D:1      | 467 ||| READING scroll labelled DOXKON IMULUILL.
   649 | D:2      | Reached skill level 7 in Ranged Weapons
   998 | D:2      | Reached XP level 4. HP: 25/25 MP: 6/6
  1141 | D:2      | 1141 ||| UPGRADING to +0 robe of willpower.
  1151 | D:2      | 1151 ||| UPGRADING to +0 helmet.
  1156 | D:2      | 1156 ||| UPGRADING to +6 ring of strength.
  1157 | D:2      | 1157 ||| READING 2 scrolls labelled EPOCVUE FOZYE.
  1158 | D:2      | 1158 ||| READING scroll labelled IRESKA ACZA.
  1159 | D:2      | 1159 ||| READING scroll labelled LAHO WABLUGOPN.
  1160 | D:2      | 1160 ||| READING scroll labelled TUCOXT GIGHA.
  1264 | D:3      | 1264 ||| PLANNING SEWER
  1277 | D:3      | Found a glowing drain.
  1318 | Sewer    | Entered a sewer
  1358 | Sewer    | Reached skill level 8 in Ranged Weapons
  1446 | Sewer    | Reached skill level 3 in Dodging
  1523 | Sewer    | Reached XP level 5. HP: 29/29 MP: 7/7
  1527 | Sewer    | 1527 ||| Stepping ~*~*~tactically~*~*~ (water).
  1836 | Sewer    | 1836 ||| READING 2 scrolls labelled MIBRIMPO JYASKIM.
  1839 | Sewer    | 1839 ||| DRINKING 2 fuming purple potions.
  1840 | Sewer    | 1840 ||| DRINKING 2 dark potions.
  1841 | Sewer    | 1841 ||| DRINKING 2 fizzy blue potions.
  1841 | Sewer    | Gained mutation: You are vulnerable to cold. (rC-) [potion
                  | of mutation]
  1841 | Sewer    | Gained mutation: You are robust. (+10% HP) [potion of
                  | mutation]
  1841 | Sewer    | Gained mutation: Your system is resistant to poisons.
                  | (rPois) [potion of mutation]
  1853 | Sewer    | 1853 ||| DRINKING potion of mutation.
  1853 | Sewer    | Lost mutation: You are vulnerable to cold. (rC-) [potion of
                  | mutation]
  1853 | Sewer    | Lost mutation: Your system is resistant to poisons. (rPois)
                  | [potion of mutation]
  1853 | Sewer    | Lost mutation: You are robust. (+10% HP) [potion of
                  | mutation]
  1854 | Sewer    | 1854 ||| DRINKING 3 sedimented cyan potions.
  1855 | Sewer    | 1855 ||| READING 2 scrolls of identify.
  1855 | Sewer    | 1855 ||| IDENTIFYING glowing orange potion
  1856 | Sewer    | 1856 ||| DROPPING potion of invisibility.
  1857 | Sewer    | 1857 ||| DROPPING 2 potions of brilliance.
  1872 | D:3      | 1872 ||| PLANNING D:1-11
  1985 | D:3      | Reached skill level 9 in Ranged Weapons
  2097 | D:3      | Found a white marble altar of Elyvilon.
  2436 | D:3      | 2436 ||| UPGRADING to +0 pair of boots.
  2441 | D:3      | 2441 ||| UPGRADING to +2 hat.
  2451 | D:3      | 2451 ||| DROPPING +0 helmet.
  2452 | D:3      | 2452 ||| READING scroll labelled GEYSIN PUIRUI.
  2453 | D:3      | 2453 ||| READING scroll labelled GAUS JIUTAINOQ.
  2545 | D:4      | Found an opulent altar of Gozag.
  2578 | D:4      | 2578 ||| Stepping ~*~*~tactically~*~*~ (outnumbered).
  2588 | D:4      | Reached XP level 6. HP: 30/35 MP: 8/8
  2841 | D:4      | Found Nisiac's Jewellery Boutique.
  2849 | D:4      | 2849 ||| SHOPLISTING +4 ring of protection (468 gold, have
                  | 196).
  2849 | D:4      | 2849 ||| SHOPLISTING +5 ring of evasion (468 gold, have
                  | 196).
  2849 | D:4      | 2849 ||| SHOPLISTING amulet of faith (520 gold, have 196).
  2849 | D:4      | 2849 ||| SHOPLISTING ring of Yesterday {rF+ Str+6 Int+3}
                  | (731 gold, have 196).
  2849 | D:4      | 2849 ||| SHOPLISTING ring of Zioconur {rN+ Str+3 Int-4
                  | Dex+6} (586 gold, have 196).
  2849 | D:4      | 2849 ||| SHOPLISTING ring of fire (325 gold, have 196).
  2870 | D:4      | 2870 ||| Stepping ~*~*~tactically~*~*~ (outnumbered).
  2873 | D:4      | 2873 ||| Stepping ~*~*~tactically~*~*~ (outnumbered).
  2884 | D:4      | HP: 8/35 [gnoll bouda/+0 whip (4)]
  2885 | D:4      | 2885 ||| READING 2 scrolls of teleportation.
  2888 | D:4      | 2888 ||| DRINKING potion of heal wounds.
  2992 | D:4      | Reached skill level 10 in Ranged Weapons
  3035 | D:4      | Found a shadowy altar of Dithmenos.
  3163 | D:4      | 3163 ||| FLEEEEING.
  3164 | D:4      | 3164 ||| FLEEEEING.
  3165 | D:4      | 3165 ||| FLEEEEING.
  3166 | D:4      | 3166 ||| FLEEEEING.
  3167 | D:4      | 3167 ||| FLEEEEING.
  3168 | D:4      | 3168 ||| FLEEEEING.
  3169 | D:4      | 3169 ||| FLEEEEING.
  3170 | D:4      | 3170 ||| FLEEEEING.
  3171 | D:4      | 3171 ||| FLEEEEING.
  3174 | D:4      | 3174 ||| STAIRDANCE
  3276 | D:3      | 3276 ||| DROPPING +0 leather armour.
  3277 | D:3      | 3277 ||| UPGRADING to +0 ring mail of poison resistance.
  3287 | D:3      | 3287 ||| DROPPING +0 robe of willpower.
  3288 | D:3      | 3288 ||| DROPPING +0 ring mail.
  3289 | D:3      | 3289 ||| READING scroll labelled JAONWIMIPN.
  3353 | D:3      | 3353 ||| READING scroll labelled GYUHUI BERE.
  3374 | D:4      | HP: 8/35 [gnoll bouda/+0 whip (6)]
  3375 | D:4      | 3375 ||| READING scroll of teleportation.
  3378 | D:4      | 3378 ||| FLEEEEING.
  3379 | D:4      | 3379 ||| FLEEEEING.
  3380 | D:4      | 3380 ||| FLEEEEING.
  3381 | D:4      | 3381 ||| FLEEEEING.
  3382 | D:4      | 3382 ||| FLEEEEING.
  3383 | D:4      | 3383 ||| FLEEEEING.
  3384 | D:4      | 3384 ||| FLEEEEING.
  3385 | D:4      | 3385 ||| FLEEEEING.
  3386 | D:4      | 3386 ||| FLEEEEING.
  3387 | D:4      | 3387 ||| STAIRDANCE
  3747 | D:5      | Entered Level 5 of the Dungeon
  3823 | D:5      | Reached XP level 7. HP: 40/40 MP: 9/9
  3836 | D:5      | HP: 7/40 [poisoned by a water moccasin]
  3836 | D:5      | HP: 1/40 [water moccasin (6)]
  3837 | D:5      | 3837 ||| READING scroll of teleportation.
  3837 | D:5      | Succumbed to a water moccasin's poison

Levels and vault maps discovered:
D:1:      enne_arrival_octagon_isle, layout_basic,
          dreamdust_ecumenical_altar_drowned_temple, nicolae_the_louvre
D:2:      layout_loops_ring, dreamdust_mushroom_princess
D:3:      layout_basic, nicolae_elyvilon_peaceful_grove, portal_sewer_entry_a
D:4:      layout_gridville, lemuel_crystal_altar,
          nicolae_dithmenos_shadow_blocks, serial_shops,
          nicolae_shop_advertising_works [nicolae_subvault_shop_adworks],
          serial_park_tiny_2, nicolae_elevator_lobby_plus
D:5:      layout_cave_pools, ebering_ghost_rock_garden,
          chequers_serial_rivers_small_b, chequers_serial_rivers_room_a,
          nicolae_kite_square_tiling_tiny

Skill      XL: |  1  2  3  4  5  6 |
---------------+-------------------+-----
Ranged Weapons | 6 7 8 9 10 | 10.5
Dodging        | 3 |  3.4
Fighting       | 2 |  2.2
Stealth        | |  1.2

Action                     |  1- 3 |  4- 6 |  7- 9 || total
---------------------------+-------+-------+-------++-------
   Fire: Shortbow          |   131 |   280 |    13 ||   424
    Use: Scroll            |     2 |    12 |     1 ||    15
         Potion            |     1 |     6 |       ||     7
 Armour: Leather armour    |     8 |       |       ||     8
         Robe              |       |    12 |       ||    12
         Ring mail         |       |     9 |     1 ||    10
  Dodge: Dodged            |    42 |    48 |     4 ||    94

Table legend:
 A = Non-vault XP
 B = Vault XP
 C = Vault XP percentage of total XP
 D = Non-vault monster count
 E = Vault monster count
 F = Vault count percentage of total count
                 A         B        C        D         E       F
            +---------+---------+-------+---------+---------+-------
      Total |     602 |     188 |  23.8 |      90 |      55 |  37.9
            +---------+---------+-------+---------+---------+-------
        D:1 |      47 |       1 |   2.1 |      26 |       1 |   3.7
        D:2 |      49 |       0 |   0.0 |      23 |       0 |   0.0
        D:3 |      38 |      21 |  35.6 |      15 |       6 |  28.6
        D:4 |     313 |       0 |   0.0 |      22 |       0 |   0.0
        D:5 |     155 |       0 |   0.0 |       4 |       0 |   0.0
      Sewer |       0 |     166 | 100.0 |       0 |      48 | 100.0
            +---------+---------+-------+---------+---------+-------
